 Dungeon Crawl Stone Soup version 0.31.0-11-ge490571c62 (webtiles) character file.

Game seed: 18001709645781533246

378 qw the Shooter (level 6, -4/30 HPs)
             Began as a Spriggan Hunter on Feb 5, 2024.
             Killed from afar by Ijyb (13 damage)
             ... with a bolt of acid
             ... on level 4 of the Dungeon.
             The game lasted 00:00:14 (2631 turns).

qw the Shooter (Spriggan Hunter)                    Turns: 2631, Time: 00:00:15

Health: -4/30      AC:  3    Str:  7    XL:     6   Next: 45%
Magic:  7/7        EV: 21    Int: 11    God:
Gold:   143        SH:  0    Dex: 20    Spells: 5/5 levels left

rFire   . . .        a - +0 shortbow (freeze)
rCold   . . .        (shield currently unavailable)
rNeg    . . .        c - +0 robe
rPois   .            (helmet restricted)
rElec   .            e - +0 cloak
rCorr   .            (gloves unavailable)
SInv    +            (boots unavailable)
Will    ++...        (no amulet)
Stlth   ++           g - ring of willpower
HPRegen 0.25/turn    (no ring)
MPRegen 0.10/turn

%: no passive effects
@: very quick
A: very small, no large weapons, unfitting armour, see invisible, speed 3
a: no special abilities


You were on level 4 of the Dungeon.
You visited 1 branch of the dungeon, and saw 4 of its levels.

You collected 226 gold pieces.
You spent 83 gold pieces at shops.


Innate Abilities, Weirdness & Mutations

You are very small and have problems with some larger weapons.
You are too small for most types of armour.
You have supernaturally acute eyesight. (SInv)
You cover ground extremely quickly. (Speed+++)


   Skills:
 - Level 2.2 Fighting
 + Level 6.2 Ranged Weapons
 - Level 6.1 Dodging
 - Level 1.5 Stealth


You had 5 spell levels left.
You didn't know any spells.
Your spell library was empty.

Inventory:

Hand Weapons
 a - a +0 shortbow of freezing (weapon)
Armour
 c - a +0 robe (worn)
 e - a +0 cloak (worn)
Jewellery
 f - a ring of ice
 g - a ring of willpower (left hand)
Scrolls
 j - a scroll of identify
Potions
 b - 3 potions of enlightenment
 d - 2 potions of heal wounds
 h - 3 potions of curing
 i - a potion of attraction {unknown}
 k - 2 potions of brilliance {unknown}

Dungeon Overview and Level Annotations

Branches:
Dungeon (4/15)
 Temple: D:4-7

Altars:
Trog

Shops:
D:2 *

Annotations:
D:4 Ijyb


Message History

You shoot an arrow.
The arrow hits the goblin but does no damage.
The goblin shouts!
You shoot an arrow. The arrow hits the goblin!
The arrow freezes the goblin.
You kill the goblin!
k - a puce potion
k - 2 puce potions (gained 1)
A hound comes into view.
The hound barks!
Enter note:
Enter note: You shoot an arrow.
The arrow misses the hound.
You shoot an arrow. The arrow hits the hound!
The arrow freezes the hound.
The hound is severely wounded.
You shoot an arrow. The arrow barely misses the hound.
You shoot an arrow. The arrow hits the hound!
The arrow freezes the hound.
You kill the hound!
Found an escape hatch in the floor.
Ijyb the Twisted Goblin comes into view.
She is wielding a +2 dagger of flaming and carrying a wand of acid.
You shoot an arrow. The arrow barely misses Ijyb.
Ijyb zaps a wand.
The bolt of acid misses you.
You shoot an arrow. The arrow closely misses Ijyb.
You shoot an arrow. The arrow hits Ijyb.
The arrow freezes Ijyb.
Ijyb is moderately wounded.
You shoot an arrow. The arrow barely misses Ijyb.
Ijyb zaps a wand.
The bolt of acid hits you!
Ijyb hits you with a +2 dagger of flaming.
Ijyb burns you.
You shoot an arrow. The arrow completely misses Ijyb.
Ijyb zaps a wand.
The bolt of acid misses you.
You shoot an arrow. The arrow hits Ijyb!
The arrow freezes Ijyb.
Ijyb is almost dead.
Ijyb completely misses you.
You shoot an arrow. The arrow hits Ijyb but does no damage.
Ijyb is almost dead.
Ijyb hits you but does no damage.
You shoot an arrow. The arrow hits Ijyb but does no damage.
Ijyb is almost dead.
Ijyb zaps a wand.
The bolt of acid hits you!
You die...

####.#..##.#######
##.###.....#
..##.#..##.......#
##..........# ..##.#..
#######.####...####....#
..##.# #.##...#.# ######
..##.## #....###.#####..
..#...# #..............#
.##.#.# ####.#####....[..#
.##.#.## #....# ###.......#
.#..#..# #.#@## #.........#
##.###.## #....g>#
#.....)....
#..#.#..###....###
#........## ..##.##...####.
#.......##
###...###....########.......#
.%..#...####.......##.......#
###...###....#####.......####
..##.##...#### #.##....#
#..#.#..### #.##....#


You could see Ijyb.

Vanquished Creatures
  4 hounds
  A jelly (D:4)
  An iguana (D:3)
  2 orc wizards
  2 adders
  4 gnolls (D:3)
  2 ufetubi (D:4)
  A dart slug (D:1)
  8 orcs
  8 ball pythons
  8 endoplasms
  3 giant cockroaches
  4 goblins
  7 hobgoblins
  4 jackals (D:1)
  6 quokkas
  4 bats
  3 frilled lizards
  4 kobolds
  7 rats
83 creatures vanquished.

Notes
Turn   | Place    | Note
-------+----------+-------------------------------------------
     0 | D:1      | qw the Spriggan Hunter began the quest for the Orb.
     0 | D:1      | Reached XP level 1. HP: 10/10 MP: 2/2
     0 | D:1      | 0 ||| qw: Version: 0.3-a-160-g6735b56
     0 | D:1      | 0 ||| qw: Game counter: 6236
     0 | D:1      | 0 ||| qw: Melee chars always use a shield: true
     0 | D:1      | 0 ||| qw: God list: Okawaru
     0 | D:1      | 0 ||| qw: Allow faded altars: false
     0 | D:1      | 0 ||| qw: Do Orc after clearing Dungeon:15 true
     0 | D:1      | 0 ||| qw: Do second Lair branch before Depths: true
     0 | D:1      | 0 ||| qw: Lair rune preference: random
     0 | D:1      | 0 ||| qw: Goals: Normal
     0 | D:1      | 0 ||| PLANNING D:1-11
    14 | D:1      | Reached skill level 3 in Dodging
    64 | D:1      | Found a faded altar of an unknown god.
    89 | D:1      | Reached XP level 2. HP: 9/14 MP: 3/3
   551 | D:1      | Reached XP level 3. HP: 17/18 MP: 4/4
   606 | D:1      | 606 ||| UPGRADING to +0 cloak.
   611 | D:1      | 611 ||| UPGRADING to ring of willpower.
   612 | D:1      | 612 ||| READING scroll labelled VOCHAS GOUGIBAON.
   612 | D:1      | 612 ||| IDENTIFYING white potion
   613 | D:1      | 613 ||| DRINKING 2 fizzy coppery potions.
   614 | D:1      | 614 ||| DROPPING scroll of butterflies.
   622 | D:2      | 622 ||| STAIRDANCE
   740 | D:2      | Found Otri's Assorted Antiques.
   748 | D:2      | 748 ||| BUYING 2 smoky emerald potions (39 gold).
   748 | D:2      | Bought 2 smoky emerald potions for 39 gold pieces
   748 | D:2      | 748 ||| SHOPLISTING ancient arbalest (209 gold, have 53).
   748 | D:2      | 748 ||| BUYING scroll of identify (44 gold).
   748 | D:2      | Bought a scroll of identify for 44 gold pieces
  1285 | D:2      | 1285 ||| READING scroll of identify.
  1285 | D:2      | 1285 ||| IDENTIFYING bubbling coppery potion
  1286 | D:2      | 1286 ||| READING scroll labelled APPO XECEMYAK.
  1387 | D:2      | 1387 ||| READING scroll labelled DUMIBA FUKLOIR.
  1388 | D:2      | 1388 ||| DRINKING 2 smoky emerald potions.
  1389 | D:2      | 1389 ||| DROPPING potion of lignification.
  1660 | D:3      | Reached XP level 4. HP: 22/22 MP: 5/5
  1763 | D:3      | Found a bloodstained altar of Trog.
  1765 | D:3      | Reached XP level 5. HP: 26/26 MP: 6/6
  2024 | D:3      | 2024 ||| READING scroll labelled UTOFFO LEAH.
  2025 | D:3      | 2025 ||| READING scroll labelled PYQOITOMIBB.
  2025 | D:3      | 2025 ||| BRANDING +0 shortbow.
  2026 | D:3      | 2026 ||| READING scroll labelled GUSTRO IHURGH.
  2067 | D:4      | 2067 ||| STAIRDANCE
  2072 | D:4      | 2072 ||| STAIRDANCE
  2080 | D:4      | 2080 ||| STAIRDANCE
  2102 | D:4      | 2102 ||| STAIRDANCE
  2106 | D:4      | HP: 5/26 [orc/+0 hand axe (7)]
  2107 | D:4      | 2107 ||| DRINKING 3 potions of heal wounds.
  2108 | D:4      | 2108 ||| STAIRDANCE
  2165 | D:4      | 2165 ||| STAIRDANCE
  2190 | D:4      | 2190 ||| STAIRDANCE
  2233 | D:4      | 2233 ||| STAIRDANCE
  2304 | D:4      | Reached skill level 6 in Ranged Weapons
  2316 | D:4      | Reached XP level 6. HP: 26/30 MP: 7/7
  2489 | D:4      | Reached skill level 6 in Dodging
  2623 | D:4      | Noticed Ijyb
  2631 | D:4      | Killed from afar by Ijyb

Levels and vault maps discovered:
D:1:      giann_forest_graveyard, layout_basic, basic_ecumenical_altar
D:2:      layout_basic, serial_shops, shop
D:3:      layout_loops_ring, marbit_many_paths, dreamdust_wishing_well
D:4:      minmay_general_purpose_star, layout_basic, uniq_ijyb

Skill      XL: |  1  2  3  4  5  6 |
---------------+-------------------+-----
Dodging        | 3 4 5 6 |  6.1
Ranged Weapons | 5 6 |  6.2
Fighting       | 2 |  2.2
Stealth        | |  1.5

Action                     |  1- 3 |  4- 6 || total
---------------------------+-------+-------++-------
   Fire: Shortbow          |   140 |   120 ||   260
    Use: Scroll            |     4 |     3 ||     7
         Potion            |     2 |     1 ||     3
 Armour: Robe              |    11 |    28 ||    39
  Dodge: Dodged            |    60 |    84 ||   144

Table legend:
 A = Non-vault XP
 B = Vault XP
 C = Vault XP percentage of total XP
 D = Non-vault monster count
 E = Vault monster count
 F = Vault count percentage of total count
                 A         B        C        D         E       F
            +---------+---------+-------+---------+---------+-------
      Total |     492 |      48 |   8.9 |      79 |       4 |   4.8
            +---------+---------+-------+---------+---------+-------
        D:1 |      43 |       0 |   0.0 |      25 |       0 |   0.0
        D:2 |      23 |       0 |   0.0 |      15 |       0 |   0.0
        D:3 |     224 |       2 |   0.9 |      27 |       1 |   3.6
        D:4 |     202 |      46 |  18.5 |      12 |       3 |  20.0
            +---------+---------+-------+---------+---------+-------
